 Dungeon Crawl Stone Soup version 0.19.1 (webtiles) character file.

2620 CanadianGator the Insei (level 9, -10/82 HPs)
             Began as a Minotaur Transmuter on Dec 1, 2016.
             Was an Initiate of Cheibriados.
             Mangled by an ogre
             ... wielding a +0 giant spiked club
              (22 damage)
             ... on level 7 of the Dungeon.
             The game lasted 00:12:28 (5665 turns).

CanadianGator the Insei (Minotaur Transmuter)       Turns: 5665, Time: 00:12:29

Health: -10/82     AC:  2    Str: 15    XL:     9   Next: 34%
Magic:  12/12      EV: 15    Int: 13    God:    Cheibriados [......]
Gold:   314        SH:  6    Dex: 16    Spells: 3 memorised, 8 levels left

rFire  . . .     SeeInvis .       - Unarmed
rCold  . . .     Gourm    .     b - +0 robe
rNeg   . . .     Faith    .     (no shield)
rPois  .         Spirit   .     (helmet restricted)
rElec  .         Reflect  .     (no cloak)
rCorr  .         Harm     .     (no gloves)
MR     .....     Clarity  +     (no boots)
Stlth  +.........               (no amulet)
                                (no ring)
                                (no ring)

@: very slow
A: retaliatory headbutt, claws 2, horns 2, large bone plates 2, clarity, clever
1, robust 1
a: Bend Time, Renounce Religion


You were on level 7 of the Dungeon.
You worshipped Cheibriados.
Cheibriados was noncommittal.
You were near starving.

You visited 2 branches of the dungeon, and saw 8 of its levels.

You collected 314 gold pieces.

Inventory:

Missiles
 a - 97 arrows
Armour
 b - a +0 robe (worn)
Wands
 u - a wand of acid (4/15)
 A - a wand of disintegration (11/24)
Scrolls
 f - a scroll of fog {unknown}
 j - 3 scrolls of remove curse
 l - 2 scrolls of recharging {unknown}
 m - a scroll of teleportation {unknown}
 o - 2 scrolls of immolation
 p - 5 scrolls of amnesia
 q - a scroll of silence {unknown}
 r - a scroll of fear
 y - 2 scrolls of magic mapping
Potions
 e - 3 potions of curing
 h - a potion of agility
 i - 2 potions of flight
 n - 2 potions of lignification
 s - a potion of haste
 t - a potion of cure mutation {unknown}
 w - 2 potions of cancellation {unknown}
 x - a potion of brilliance {unknown}
 z - a potion of might {unknown}
Books
 c - a book of Changes

   Spells                             Type                      Level
   a - Beastly Appendage              Transmutation                1
   b - Sticks to Snakes               Transmutation                2
   c - Spider Form                    Transmutation/Poison         3
   d - Ice Form                       Ice/Transmutation            4
   e - Blade Hands                    Transmutation                5
Comestibles
 d - 2 bread rations
 g - 5 meat rations
 k - 3 fruits
 v - a beef jerky


   Skills:
 + Level 5.7 Fighting
 + Level 4.9 Armour
 + Level 4.9 Dodging
 * Level 7.9 Unarmed Combat
 + Level 3.2 Spellcasting
 * Level 5.6 Transmutations


You had 8 spell levels left.
You knew the following spells:

 Your Spells              Type           Power        Failure   Level  Hunger
a - Beastly Appendage     Tmut           ###...       2%          1    #......
b - Sticks to Snakes      Tmut           ###.....     4%          2    ##.....
c - Spider Form           Tmut/Pois      #.........   21%         3    ###....


Dungeon Overview and Level Annotations

Branches:
Dungeon (7/15)             Temple (1/1) D:7

Altars:
Ashenzari
Cheibriados
Dithmenos
Elyvilon
Fedhas
Gozag
Hepliaklqana
Kikubaaqudgha
Makhleb
Nemelex Xobeh
Okawaru
Qazlal
Ru
Sif Muna
Trog
Uskayaw
Vehumet
Xom
Yredelemnul
Zin
The Shining One


Innate Abilities, Weirdness & Mutations

You reflexively headbutt those who attack you in melee.
You have a pair of horns on your head.
You have very sharp fingernails.
You are mostly covered in large bone plates. (SH +6)
You possess an exceptional clarity of mind.
Your mind is acute. (Int +2)
You are robust. (+10% HP)


Message History

You barely miss the ogre.
The orc wizard shouts!
You headbutt the ogre. You claw the ogre.
The ogre is moderately wounded.
The orc wizard casts a spell.
The orc wizard blinks!
The ogre hits you with a giant spiked club!!
Unknown command.
You claw the ogre!
The ogre is severely wounded.
An orc comes into view.
You barely miss the ogre.
The ogre is severely wounded.
The orc shouts!
The ogre hits you with a giant spiked club!!
* * * LOW HITPOINT WARNING * * *
Unknown command.
You feel better. The orc wizard misses you.
The ogre hits you with a giant spiked club!!
You die...

....................
..........#.####.##
#..............#
#.............. #
#.......#.####...
######....#.####.#
#.........#......#
#.....###.#.l....##
#.........o@O..o...
#..........≈...o.#.
..................o..
###....≈..........≈..
#...≈≈......$...≈≈.
....................
###..................
.........####..%...
#.≈......## #...


You could see an ogre, an orc priest, 2 orc wizards, an orc and a leopard gecko.

Vanquished Creatures
  The ghost of CanadianGator the Ruffian, an amateur MiTm (D:4)
  Prince Ribbit (D:6)
  Grinder (D:6)
  Eustachio (D:6)
  A hungry ghost (D:7)
  The ghost of LadySerpentine the Grave Robber, an amateur DsNe (D:3)
  A water moccasin (D:6)
  An ice beast (D:7)
  2 ogres
  A phantom (D:5)
  3 centaurs
  A bullfrog (D:6)
  A scorpion (D:7)
  5 wights (D:6)
  3 crimson imps
  A jelly (D:6)
  3 orc priests
  3 orc wizards
  A bullfrog skeleton (D:4)
  Natasha (D:2)
  4 worker ants
  A hound skeleton (D:7)
  7 adders
  A shadow imp (D:5)
  3 worms
  2 dart slugs (D:1)
  6 leopard geckos
  22 orcs
  3 giant cockroaches
  8 goblins
  7 hobgoblins
  17 jackals
  A quokka (D:3)
  A ball python (D:2)
  8 bats
  6 frilled lizards
  12 kobolds
  A quokka skeleton (D:4)
  7 rats
150 creatures vanquished.

Vanquished Creatures (collateral kills)
  A jackal (D:6)
1 creature vanquished.

Grand Total: 151 creatures vanquished

Notes
Turn   | Place    | Note
-------+----------+-------------------------------------------
     0 | D:1      | CanadianGator the Minotaur Transmuter began the quest for the Orb.
     0 | D:1      | Reached XP level 1. HP: 16/16 MP: 1/1
   179 | D:1      | Reached XP level 2. HP: 22/23 MP: 3/3
   655 | D:2      | Gained mutation: You are partially covered in large bone plates. (SH +4) [potion of mutation]
   655 | D:2      | Gained mutation: You are robust. (+10% HP) [potion of mutation]
   655 | D:2      | Gained mutation: You have sharp fingernails. [potion of mutation]
   680 | D:2      | Reached XP level 3. HP: 30/30 MP: 4/4
   710 | D:2      | Found a white marble altar of Elyvilon.
   716 | D:2      | Found a radiant altar of Vehumet.
   721 | D:2      | Found a hazy altar of Hepliaklqana.
   736 | D:2      | Found a sacrificial altar of Ru.
   807 | D:2      | Reached XP level 4. HP: 33/39 MP: 5/5
   812 | D:2      | Noticed Natasha
   816 | D:2      | Killed Natasha
   816 | D:2      | Reached skill level 1 in Armour
   816 | D:2      | Reached skill level 4 in Unarmed Combat
  1802 | D:3      | Reached XP level 5. HP: 45/45 MP: 6/6
  1930 | D:3      | Gained mutation: You are dopey. (Int -2) [potion of mutation]
  1930 | D:3      | Gained mutation: You have very sharp fingernails. [potion of mutation]
  1930 | D:3      | Lost mutation: You are dopey. (Int -2) [potion of mutation]
  2330 | D:3      | Found a sparkling altar of Nemelex Xobeh.
  2401 | D:3      | Gained mutation: You possess an exceptional clarity of mind. [potion of mutation]
  2401 | D:3      | Gained mutation: Your mind is acute. (Int +2) [potion of mutation]
  2402 | D:3      | Gained mutation: You are mostly covered in large bone plates. (SH +6) [potion of mutation]
  2456 | D:3      | Noticed LadySerpentine's ghost (amateur DsNe)
  2472 | D:3      | Killed LadySerpentine's ghost
  2472 | D:3      | Reached XP level 6. HP: 32/55 MP: 7/7
  2665 | D:3      | Reached skill level 5 in Unarmed Combat
  3059 | D:4      | Reached XP level 7. HP: 62/62 MP: 9/9
  3153 | D:4      | Noticed CanadianGator's ghost (amateur MiTm)
  3171 | D:4      | Killed CanadianGator's ghost
  3522 | D:4      | Learned a level 2 spell: Sticks to Snakes
  3575 | D:4      | Learned a level 3 spell: Spider Form
  3722 | D:5      | Entered Level 5 of the Dungeon
  4029 | D:5      | Reached skill level 6 in Unarmed Combat
  4184 | D:5      | Reached XP level 8. HP: 72/72 MP: 10/10
  4246 | D:5      | Found a shadowy altar of Dithmenos.
  4567 | D:6      | Noticed Grinder
  4580 | D:6      | Killed Grinder
  4595 | D:6      | Noticed Prince Ribbit
  4613 | D:6      | Killed Prince Ribbit
  4613 | D:6      | Reached skill level 7 in Unarmed Combat
  4613 | D:6      | Reached skill level 5 in Transmutations
  5014 | D:6      | Noticed Eustachio
  5033 | D:6      | Killed Eustachio
  5033 | D:6      | Reached skill level 5 in Fighting
  5059 | D:6      | Reached XP level 9. HP: 81/81 MP: 7/12
  5428 | D:7      | Found a staircase to the Ecumenical Temple.
  5482 | Temple   | Entered the Ecumenical Temple
  5591 | Temple   | Became a worshipper of Cheibriados the Contemplative
  5665 | D:7      | Mangled by an ogre

Skill      XL: |  1  2  3  4  5  6  7  8 |
---------------+-------------------------+-----
Transmutations | 2 3 4 5 |  5.6
Armour         | 1 2 3 4 |  4.9
Unarmed Combat | 4 5 6 7 |  7.9
Fighting       | 2 3 4 5 |  5.7
Dodging        | 3 4 |  4.9
Spellcasting   | 2 3 |  3.2

Action                   |  1- 3 |  4- 6 |  7- 9 || total
-------------------------+-------+-------+-------++-------
Melee: Unarmed           |    73 |   157 |   188 ||   418
       Headbutt          |    12 |    23 |    36 ||    71
       Punch             |       |     2 |     7 ||     9
       Kick              |       |       |     1 ||     1
 Cast: Beastly Appendage |       |       |     1 ||     1
       Sticks to Snakes  |       |       |     9 ||     9
  Use: Scroll            |     3 |     7 |     4 ||    14
       Potion            |     1 |     3 |     1 ||     5
 Stab: Sleeping          |     1 |     3 |     1 ||     5
       Invisible         |     1 |       |       ||     1
  Eat: Chunk             |       |     6 |     2 ||     8
       Bread ration      |       |       |     2 ||     2
Armor: Robe              |    13 |    17 |     3 ||    33
Dodge: Dodged            |    49 |   112 |    86 ||   247
Block: Other             |     8 |    25 |    38 ||    71
